 Dungeon Crawl Stone Soup version 0.31-a0-662-g684573625c (webtiles) character file.

Game seed: 17816537036919553033

99575 holysushi the Spry (level 16, -10/74 (75) HPs)
             Began as a Vine Stalker Monk on Aug 31, 2023.
             Was an Initiate of Gozag.
             Mangled by a red ugly thing (17 damage)
             ... on level 14 of the Dungeon.
             The game lasted 00:46:05 (21506 turns).

holysushi the Spry (Vine Stalker Monk)             Turns: 21506, Time: 00:46:06

HP:   -10/74 (75)   AC:  3    Str: 11    XL:     16   Next: 25%
MP:   0/40          EV: 30    Int: 10    God:    Gozag
Gold: 1196          SH:  0    Dex: 25    Spells: 35/35 levels left

rFire   . . .        a - +9 staff of Olgreb {rPois∞}
rCold   . . .        I - orb of Inquiry {light, Str+2}
rNeg    . . .        m - +0 troll leather armour
rPois   ∞            T - +1 hat {Will+}
rElec   +            y - scarf of the Saviour {repulsion, rElec rPois Str-5 SInv}
rCorr   .            o - +1 pair of gloves
SInv    +            Z - +0 pair of boots
Will    +++..        Q - amulet of Eternal Harmony {rPois Regen+}
Stlth   +            q - ring of magical power
HPRegen 2.72/turn    x - +5 ring of evasion
MPRegen 0.27/turn

%: repel missiles, guardian spirit
@: radiating poison, corroded, hasted, glowing, lightly drained, very quick
A: fangs 3, regeneration 1, magic shield, antimagic bite, no potion heal 2
a: Renounce Religion, Evoke the Staff of Olgreb, Potion Petition, Call Merchant,
Bribe Branch


You were on level 14 of the Dungeon.
You worshipped Gozag.
Gozag was most pleased with you.
You visited 4 branches of the dungeon, and saw 22 of its levels.
You also visited: Ossuary, Ice Cave and Volcano.

You collected 8832 gold pieces.
You spent 3832 gold pieces at shops.
You paid 3804 gold pieces to Gozag.

Inventory:

Hand Weapons
 a - the +9 staff of Olgreb (weapon) {rPois∞}
   (You found it on level 7 of the Dungeon)

   Radiate:   It can be activated via the 'a'bility menu to radiate toxic
   energy, with effectiveness depending on Evocations skill.
   Pois:      It enhances your poison magic.
   rPois∞: It grants immunity to poison.
 b - a +4 short sword of speed
Missiles
 t - 3 throwing nets
Armour
 i - the +6 scale mail of Modesty {-Tele rF+ Regen+ rCorr}
   (You found it on level 2 of the Dungeon)

   rF+:       It protects you from fire.
   -Tele:     It prevents most forms of teleportation.
   Regen+:    It increases your rate of health regeneration.
   rCorr:     It protects you from acid and corrosion.
 m - a +0 troll leather armour (worn)
 o - a +1 pair of gloves (worn)
 y - the scarf of the Saviour (worn) {repulsion, rElec rPois Str-5 SInv}
   (You acquired it on level 13 of the Dungeon)

   Str-5:     It affects your strength (-5).
   rElec:     It insulates you from electricity.
   rPois:     It protects you from poison SInv: It lets you see invisible.
 I - the orb of Inquiry (worn) {light, Str+2}
   (You found it on level 7 of the Dungeon)

   Str+2:     It affects your strength (+2).
 T - a +1 hat of willpower (worn)
 W - a scarf of repulsion
 Z - a +0 pair of boots (worn)
Jewellery
 d - a ring of willpower
 q - a ring of magical power (left hand)
 x - a +5 ring of evasion (right hand)
 E - a ring of see invisible
 Q - the amulet of Eternal Harmony (around neck) {rPois Regen+}
   (You acquired it on level 8 of the Dungeon)

   [amulet of regeneration]

   rPois:     It protects you from poison Regen+: It increases your rate of
   health regeneration.
 X - a ring of flight
Wands
 f - a wand of charming (15)
 A - a wand of flame (25)
 C - a wand of polymorph (22)
 J - a wand of iceblast (26)
 L - a wand of mindburst (27)
 M - a wand of acid (10)
 U - a wand of digging (12)
Scrolls
 g - 7 scrolls of fog
 k - 5 scrolls of immolation
 l - a scroll of butterflies {unknown}
 v - a scroll of brand weapon
 w - 3 scrolls of vulnerability
 B - 4 scrolls of teleportation
 D - 2 scrolls of fear
 G - 2 scrolls of poison
 H - 2 scrolls of silence
 N - 3 scrolls of enchant weapon
 O - a scroll of identify
 R - a scroll of amnesia
 S - 3 scrolls of blinking
 Y - a scroll of enchant armour {unknown}
Potions
 c - 2 potions of ambrosia
 e - 3 potions of brilliance
 h - 7 potions of might
 j - 3 potions of enlightenment
 n - 10 potions of curing
 p - 3 potions of lignification
 r - 6 potions of haste
 s - 4 potions of attraction
 u - 2 potions of mutation
 K - 2 potions of invisibility
 V - 4 potions of magic
Miscellaneous
 z - a phial of floods
 F - a lightning rod (4/4)
 P - a condenser vane


   Skills:
 + Level 4.9 Fighting
 - Level 10.4 Short Blades
 - Level 12.0 Staves
 - Level 3.1 Armour
 + Level 15.0 Dodging
 - Level 4.0 Stealth
 + Level 10.1 Spellcasting
 + Level 13.1 Evocations


You had 35 spell levels left.
You didn't know any spells.
Your spell library contained the following spells:

 Spells                   Type           Power      Damage    Failure   Level
 Shock                    Conj/Air       20%        1d4       17%         1
 Cigotuvi's Dreadful Rot  Necr/Pois/Air  14%        N/A       26%         2
 Ensorcelled Hibernation  Hex/Ice        10%        N/A       26%         2
 Ignite Poison            Fire/Tmut/Pois 7%         N/A       45%         3
 Swiftness                Air            5%         N/A       45%         3
 Airstrike                Air            2%         2d(1-17)  86%         4
 Anguish                  Hex/Necr       2%         N/A       86%         4
 Cause Fear               Hex            2%         N/A       86%         4
 Manifold Assault         Tloc           5%         N/A       86%         4
 Summon Ice Beast         Ice/Summ       5%         N/A       86%         4
 Vhi's Electric Charge    Tloc/Air       10%        N/A       86%         4
 Arcjolt                  Conj/Air       2%         1d12      99%         5
 Freezing Cloud           Conj/Ice/Air   2%         6-21      99%         5
 Summon Mana Viper        Hex/Summ       5%         N/A       99%         5
 Dispersal                Tloc           2%         N/A       100%        6
 Plasma Beam              Fire/Air       2%         2x1d12    100%        6
 Enfeeble                 Hex            2%         N/A       100%        7
 Monstrous Menagerie      Summ           2%         N/A       100%        7
 Disjunction              Tloc           2%         N/A       100%        8
 Maxwell's Capacitive Co  Air            2%         ∞         100%        8


Dungeon Overview and Level Annotations

Branches:
Dungeon (14/15) Zot: 26612  Temple (1/1) D:4 Zot: 5998    Lair (5/5) D:8 Zot: 23092
  Swamp (0/4) Lair:2        Snake (0/4) Lair:3        Slime (0/5) Lair:4
    Orc (2/2) D:10 Zot: 10427     Elf (0/3) Orc:2        Vaults (0/5) D:14
Ossuary (visited)           IceCv (visited)         Volcano (visited)

Altars:
Ashenzari
Cheibriados
Dithmenos
Elyvilon
Fedhas
Gozag
Hepliaklqana
Kikubaaqudgha
Makhleb
Nemelex Xobeh
Okawaru
Qazlal
Ru
Sif Muna
Trog
Uskayaw
Vehumet
Wu Jian
Xom
Yredelemnul
Zin
The Shining One

Shops:
D:1 :   D:8 ?   D:10 [[   D:12 (   D:13 [[   Orc:1 *   Orc:2 (((!

Annotations:
D:2 1 runed translucent door, Crazy Yiuf
D:7 1 runed translucent door
D:13 1 exclusion
Lair:2 3 runed translucent doors, exclusions: downstairs and oklob plant, jejorda2's ghost, journeyman GnBe
Lair:3 exclusion: oklob plant
Orc:2 1 runed translucent door, shakesphere1979's ghost, journeyman DjAE


Innate Abilities, Weirdness & Mutations

You have razor-sharp teeth.
Your natural rate of healing is unusually fast.
When hurt, damage is shared between your health and your magic reserves.
Your bite disrupts and absorbs the magic of your enemies.
Potions cannot restore your health.


Message History

The red ugly thing trunk-slaps you!
You are engulfed in flames!!
You thump the brown ugly thing!
You envenom the brown ugly thing.
The brown ugly thing is poisoned.
You bite the brown ugly thing. You drain its power.
You feel invigorated.
The brown ugly thing is moderately wounded.
The brown ugly thing completely misses you. x2
The brown ugly thing basks in the mutagenic energy from its kin and changes!
You hit the red ugly thing.
You envenom the red ugly thing.
The red ugly thing is poisoned.
The red ugly thing is lightly wounded.
The boulder beetle curls into a ball and begins rolling!
The red ugly thing misses you.
You begin to radiate toxic energy.
The boulder beetle is poisoned.
The red ugly thing is poisoned.
The red ugly thing looks even sicker.
The brown ugly thing is poisoned.
The red ugly thing looks even sicker. x2
The brown ugly thing looks even sicker.
The brown ugly thing barely misses you. The brown ugly thing engulfs you!
You are splashed with acid.
The red ugly thing completely misses you.
You hit the brown ugly thing.
You envenom the brown ugly thing!!
The brown ugly thing looks even sicker.
You bite the brown ugly thing, but do no damage.
The brown ugly thing is severely wounded.
The brown ugly thing looks even sicker.
The brown ugly thing misses you. The brown ugly thing engulfs you.
The acid corrodes you!
You are splashed with acid!
The red ugly thing bites you!
You are engulfed in flames!!
* * * LOW HITPOINT WARNING * * *
You are too injured to fight recklessly!
You are too injured to fight recklessly!
You feel yourself speed up.
The red ugly thing looks as sick as possible!
The red ugly thing barely misses you. The brown ugly thing engulfs you!
* * * LOW HITPOINT WARNING * * *
You are splashed with acid!
* * * LOW HITPOINT WARNING * * *
The brown ugly thing barely misses you. The red ugly thing bites you.
* * * LOW HITPOINT WARNING * * *
You are engulfed in flames!!
You die...
Your body crumbles into a pile of gold.

..###......#.
....#..##### #..........
............ #..........
####.#.#######.......°..
.......#....##......°...
####.#.#.##.##.....°....
.....#...##.##....○.....
######.####.##..uuB.....
#.# #.##..@u...... #..
#.##...u...... ###
#.............
####..........
........... ...###.....#
#...# .##### #...# .#
#....


You could see a boulder beetle (rolling, poisoned) and 4 ugly things.

Vanquished Creatures
  Gastronok (D:11)
  Kirke (Lair:4)
  A red draconian (Volcano)
  An eleionoma (Lair:2)
  Josephine (D:12)
  A fire dragon (D:13)
  Snorg (D:11)
  Fannar (Lair:2)
  Harold (D:9)
  7 hydras
  A catoblepas (Lair:4)
  Erica (D:11)
  8 centaur warriors
  An anaconda (shapeshifter) (D:13)
  5 boulder beetles
  6 two-headed ogres
  7 death yaks
  6 orc high priests (Orc:2)
  Urug (Lair:3)
  A skeletal warrior (D:13)
  5 skysharks
  8 orc knights
  Pikel (D:6)
  2 lindwurms
  4 ugly things (D:13)
  3 deep elf pyromancers
  3 manticores
  An orc sorcerer (Orc:2)
  Maurice (D:11)
  6 cyclopes
  An elephant (Lair:4)
  6 black mambas
  10 slime creatures
  A torpor snail (Lair:5)
  Jeremiah (D:7)
  Joseph (D:9)
  12 cane toads
  A gargoyle (D:12)
  An unseen horror (D:12)
  6 rime drakes
  15 komodo dragons
  6 yaktaurs
  A freezing wraith (D:13)
  A yaktaur (shapeshifter) (D:13)
  3 kobold demonologists
  5 trolls
  A wolf spider simulacrum (D:13)
  5 hornets (Lair:5)
  4 polar bears (Lair:5)
  9 blink frogs
  Grinder (D:3)
  5 dream sheep (Lair:5)
  A raiju (shapeshifter) (D:13)
  15 spriggans
  A shadow (D:11)
  6 wraiths
  A vampire (D:13)
  31 yaks
  3 hogs (Lair:4)
  2 wyverns
  4 basilisks
  10 fire bats (Volcano)
  3 redbacks (D:7)
  A vampire mosquito (D:13)
  Menkaure (D:4)
  6 nagas (Lair:3)
  3 wargs
  4 acid dragons
  21 water moccasins
  44 orc warriors
  An ice beast (D:7)
  A sky beast (D:7)
  6 black bears
  4 ogres
  22 wolves
  4 boggarts
  A lemure (D:6)
  20 centaurs
  6 kobold brigands
  2 gnoll sergeants
  11 scorpions
  9 bullfrogs
  5 wights (D:8)
  21 killer bees
  2 electric eels
  11 howler monkeys
  A centaur zombie (Ossuary)
  6 lava snakes (Volcano)
  3 hounds
  3 human zombies (Ossuary)
  13 jellies
  31 orc priests
  7 iguanas
  A sleepcap (D:5)
  16 orc wizards
  4 mummies (Ossuary)
  13 gnolls
  10 adders
  A shadow imp (D:6)
  A white imp (D:8)
  2 ufetubi (D:5)
  A worm (D:3)
  5 dart slugs
  116 orcs
  10 endoplasms
  2 giant cockroaches
  3 goblins
  2 hobgoblins
  4 jackals (D:1)
  3 quokkas
  5 ball pythons
  6 bats
  3 frilled lizards
  A goblin zombie (Ossuary)
  A hobgoblin zombie (Ossuary)
  11 kobolds
  2 kobold zombies (Ossuary)
  10 rats
763 creatures vanquished.

Vanquished Creatures (others)
  2 humans (Lair:4)
  An orc priest (Orc:2)
  A jelly (Lair:4)
4 creatures vanquished.

Grand Total: 767 creatures vanquished

Notes
Turn   | Place    | Note
-------+----------+-------------------------------------------
     0 | D:1      | holysushi the Vine Stalker Monk began the quest for the
                  | Orb.
     0 | D:1      | Reached XP level 1. HP: 11/11 MP: 2/2
   199 | D:1      | Reached XP level 2. HP: 11/16 MP: 3/3
   302 | D:1      | Found Fudux's Vocational Training.
   761 | D:2      | Reached XP level 3. HP: 19/19 MP: 4/4
   773 | D:2      | Found a faded altar of an unknown god.
  1033 | D:2      | Reached XP level 4. HP: 18/23 MP: 5/5
  1039 | D:2      | Identified the +6 scale mail of Modesty {-Tele rF+ Regen+
                  | rCorr}
  1193 | D:2      | Found a runed translucent door.
  1194 | D:2      | Identified the +6 hammer "Dragonbane" {antimagic, rF- Will+
                  | rCorr Str+4}
  1194 | D:2      | Noticed Crazy Yiuf
  1836 | D:3      | Reached skill level 5 in Short Blades
  1880 | D:3      | Noticed Grinder
  1906 | D:3      | Killed Grinder
  1907 | D:3      | Reached XP level 5. HP: 19/27 MP: 3/6
  1907 | D:3      | Reached XP level 6. HP: 23/32 MP: 3/7
  2365 | D:4      | Found a staircase to the Ecumenical Temple.
  2372 | D:4      | Found a glowing silver altar of Zin.
  2398 | Temple   | Entered the Ecumenical Temple
  2456 | D:4      | Noticed Menkaure
  2464 | D:4      | Killed Menkaure
  2465 | D:4      | Reached XP level 7. HP: 35/35 MP: 8/8
  2954 | D:5      | Entered Level 5 of the Dungeon
  3082 | D:5      | Gained mutation: You have razor-sharp teeth. [Vine Stalker
                  | growth]
  3082 | D:5      | Reached XP level 8. HP: 39/39 MP: 9/9
  3188 | D:5      | Found a radiant altar of Vehumet.
  3517 | D:6      | Noticed Pikel
  3549 | D:6      | Killed Pikel
  3550 | D:6      | Reached skill level 10 in Short Blades
  3550 | D:6      | Reached skill level 3 in Dodging
  3956 | D:6      | Found a broken altar of Ashenzari.
  3997 | D:6      | Reached skill level 4 in Dodging
  3997 | D:6      | Reached XP level 9. HP: 43/43 MP: 10/10
  4383 | D:7      | Noticed Jeremiah
  4407 | D:7      | Killed Jeremiah
  4408 | D:7      | Reached skill level 5 in Dodging
  4557 | D:7      | Found the +9 staff of Olgreb {rPois∞}
  4610 | D:7      | Found a sand-covered staircase.
  4614 | Ossuary  | Entered an ossuary
  4983 | D:7      | Found a runed translucent gate.
  4985 | D:7      | Found a runed translucent door.
  4987 | D:7      | Found a runed translucent gate.
  4996 | D:7      | Found a runed translucent gate.
  5005 | D:7      | Found a runed translucent door.
  5032 | D:7      | Noticed a boulder beetle
  5060 | D:7      | Killed a boulder beetle
  5061 | D:7      | Reached skill level 7 in Dodging
  5301 | D:7      | Reached XP level 10. HP: 47/47 MP: 11/11
  5315 | D:7      | Found a glowing golden altar of the Shining One.
  5325 | D:7      | Found an opulent altar of Gozag.
  5508 | D:7      | Became a worshipper of Gozag Ym Sagoz the Greedy
  5801 | D:8      | Reached skill level 1 in Spellcasting
  5895 | D:8      | Reached skill level 8 in Dodging
  5983 | D:8      | Identified the +1 scale mail of Ololiel {Str+7 Dex-2}
  6142 | D:8      | Found a staircase to the Lair.
  6393 | D:8      | Identified the +1 chain mail of Life {rN+}
  6613 | D:7      | Reached skill level 9 in Dodging
  6705 | D:7      | Identified the orb of Inquiry {light, Str+2}
  6810 | Lair:1   | Entered Level 1 of the Lair of Beasts
  6862 | Lair:1   | Reached skill level 1 in Staves
  6868 | Lair:1   | Reached skill level 10 in Dodging
  6872 | Lair:1   | Reached XP level 11. HP: 48/51 MP: 17/17
  6976 | Lair:1   | Found a frozen archway.
  6995 | IceCv    | Entered an ice cave
  7246 | D:1      | Bought a manual of Evocations for 960 gold pieces
  7579 | Lair:1   | Reached skill level 1 in Evocations
  8021 | Lair:1   | Noticed a death yak
  8021 | Lair:1   | Noticed a death yak
  8021 | Lair:1   | Noticed a death yak
  8026 | Lair:1   | Noticed a death yak
  8027 | Lair:1   | Noticed a death yak
  8054 | Lair:1   | Killed a death yak
  8055 | Lair:1   | Reached skill level 5 in Staves
  8073 | Lair:1   | Killed a death yak
  8102 | Lair:1   | Killed a death yak
  8103 | Lair:1   | Reached skill level 5 in Evocations
  8132 | Lair:1   | Killed a death yak
  8163 | Lair:1   | Killed a death yak
  8336 | Lair:2   | Found a runed translucent gate.
  8336 | Lair:2   | Found a runed translucent gate.
  8336 | Lair:2   | Found a runed translucent gate.
  8386 | Lair:2   | Noticed a skyshark
  8400 | Lair:2   | Killed a skyshark
  8500 | Lair:2   | Reached XP level 12. HP: 56/56 MP: 18/18
  8561 | Lair:2   | Noticed Fannar
  8591 | Lair:2   | Killed Fannar
  8684 | Lair:2   | Found a staircase to the Swamp.
  8684 | Lair:2   | Noticed an eleionoma
  8694 | Lair:2   | Killed an eleionoma
  8852 | Lair:2   | Noticed a seven-headed hydra
  9370 | Lair:2   | Killed a seven-headed hydra
  9437 | Lair:2   | Found a snail-covered altar of Cheibriados.
  9608 | Lair:2   | Noticed jejorda2's ghost (journeyman GnBe)
  9678 | Lair:3   | Noticed a six-headed hydra
  9995 | Lair:3   | Killed a six-headed hydra
  9996 | Lair:3   | Reached skill level 10 in Evocations
 10103 | Lair:3   | Noticed Urug
 10114 | Lair:3   | Killed Urug
 10333 | Lair:3   | Noticed a skyshark
 10344 | Lair:3   | Killed a skyshark
 10415 | Lair:3   | Reached skill level 10 in Staves
 10438 | Lair:3   | Found a staircase to the Snake Pit.
 10515 | Lair:3   | Noticed a boulder beetle
 10524 | Lair:3   | Killed a boulder beetle
 10533 | Lair:3   | Noticed a four-headed hydra
 10540 | Lair:3   | Killed a four-headed hydra
 10768 | Lair:4   | Noticed Kirke
 10781 | Lair:3   | Reached XP level 13. HP: 59/59 MP: 19/19
 11072 | Lair:4   | Killed Kirke
 11128 | Lair:4   | Found a staircase to the Slime Pits.
 11191 | Lair:4   | Reached skill level 5 in Spellcasting
 11723 | Lair:4   | Identified the +3 ring mail "Afiutets" {Int+2}
 11938 | Lair:5   | Entered Level 5 of the Lair of Beasts
 12029 | Lair:5   | Reached skill level 11 in Dodging
 12501 | Lair:5   | Reached XP level 14. HP: 63/63 MP: 22/27
 13438 | Lair:5   | Reached skill level 10 in Spellcasting
 13874 | Lair:5   | Reached skill level 12 in Dodging
 13974 | Lair:5   | Found a radiant altar of Vehumet.
 14328 | D:8      | Bought a scroll of acquirement for 780 gold pieces
 14328 | D:8      | Bought a scroll of acquirement for 780 gold pieces
 14329 | D:8      | Acquired 1159 gold pieces
 14331 | D:8      | Acquired the amulet of Eternal Harmony {rPois Regen+}
 14422 | D:9      | Noticed Harold
 14430 | D:9      | Killed Harold
 14521 | D:9      | Noticed Joseph
 14547 | D:9      | Killed Joseph
 14678 | D:9      | You fall into a shaft and drop 3 floors!
 14919 | D:11     | Noticed Erica
 14926 | D:11     | Killed Erica
 15187 | D:11     | Noticed Gastronok
 15205 | D:11     | Killed Gastronok
 15498 | D:11     | Noticed Maurice
 15505 | D:11     | Killed Maurice
 15559 | D:11     | Noticed Snorg
 15568 | D:11     | Killed Snorg
 15642 | D:10     | Entered Level 10 of the Dungeon
 15789 | D:10     | Bought a scarf of repulsion for 132 gold pieces
 16181 | D:10     | Found a staircase to the Orcish Mines.
 16384 | D:10     | Bought a dazzling leather armour for 210 gold pieces
 16384 | D:10     | Identified the +0 leather armour of Xom's Scorn {Int+4}
                  | (You bought it in a shop on level 10 of the Dungeon)
 16683 | D:9      | Found a stormy altar of Qazlal.
 16962 | D:9      | Reached XP level 15. HP: 67/67 MP: 30/30
 16983 | D:9      | Reached skill level 13 in Dodging
 17037 | Orc:1    | Entered Level 1 of the Orcish Mines
 17168 | Orc:1    | Found a bloodstained altar of Trog.
 17238 | Orc:1    | Found Buddemne's Mayhem Merchandise.
 17266 | Orc:1    | Bought a wand of iceblast (4) for 144 gold pieces
 17266 | Orc:1    | Bought a wand of iceblast (5) for 180 gold pieces
 17266 | Orc:1    | Bought a wand of iceblast (5) for 180 gold pieces
 17266 | Orc:1    | Bought a wand of iceblast (5) for 180 gold pieces
 17571 | Orc:2    | Entered Level 2 of the Orcish Mines
 17709 | Orc:2    | Found a dark tunnel.
 17715 | Volcano  | Entered a volcano
 17996 | Volcano  | Found a radiant altar of Vehumet.
 18129 | Orc:2    | Found a runed translucent door.
 18130 | Orc:2    | Found a shimmering altar of Xom.
 18130 | Orc:2    | Noticed shakesphere1979's ghost (journeyman DjAE)
 18184 | Orc:2    | Found a staircase to the Elven Halls.
 18232 | Orc:2    | Reached skill level 14 in Dodging
 18620 | Orc:2    | Found Okhluf's Distillery.
 18620 | Orc:2    | Found Yfair's Antique Weapon Shop.
 18621 | Orc:2    | Found Tojih's Weapon Shop.
 18621 | Orc:2    | Found Muofifin's Antique Weapon Boutique.
 18634 | Orc:2    | Bought a potion of magic for 104 gold pieces
 18634 | Orc:2    | Bought a potion of magic for 104 gold pieces
 18634 | Orc:2    | Bought a potion of lignification for 39 gold pieces
 18634 | Orc:2    | Bought a potion of attraction for 39 gold pieces
 19031 | D:12     | Identified the +1 leather armour "Tiokhare" {rF++ Slay-5}
 19319 | D:12     | Reached skill level 15 in Dodging
 19611 | D:12     | Noticed Josephine
 19621 | D:12     | Killed Josephine
 19622 | D:12     | Reached skill level 1 in Stealth
 19642 | D:12     | Reached skill level 1 in Armour
 19968 | D:13     | Reached XP level 16. HP: 52/74 MP: 31/31
 20128 | D:13     | Acquired the scarf of the Saviour {repulsion, rElec rPois
                  | Str-5 SInv}
 20227 | D:13     | Found Osuirosod's Antique Armour Shoppe.
 20234 | D:13     | Found a gate leading to a gauntlet.
 21402 | D:14     | Found a gate to the Vaults.
 21506 | D:14     | Mangled by a red ugly thing

Illustrated notes

Levels and vault maps discovered:
D:1:      dpeg_arrival_castle, layout_loops_ring, kennysheep_nondescript,
          nicolae_shop_vocational
D:2:      layout_basic, hellmonk_ecumenical_altar_slurped_away,
          kennysheep_generic_room_10, uniq_crazy_yiuf_cottage
D:3:      layout_loops_ring, uniq_grinder
D:4:      layout_cave_pools, mainiacjoe_overflow_paths, temple_statues,
          uniq_menkaure
D:5:      layout_rooms, fiery_altar_vehumet
D:6:      layout_basic, nicolae_ashenzari_panopticon, uniq_pikel
D:7:      layout_basic, minitemple, nicolae_ossuary_entry_plus,
          grunt_decor_junction, minivault_27,
          minmay_guarded_unrand_staff_of_olgreb, uniq_jeremiah
D:8:      nicolae_cairo_tiling_large_dashed, layout_loops_ring, lair_entry_dummy
D:9:      layout_roguey [special_room_orc], mainiacjoe_overflow_surrounded_room,
          uniq_harold, uniq_joseph
D:10:     layout_stronghold, orc_0_dummy, chequers_serial_rivers_micro_e,
          minmay_misc_feat_rows
D:11:     layout_irregular_city, uniq_maurice, uniq_snorg, uniq_gastronok,
          uniq_erica
D:12:     layout_long_grid, uniq_josephine
D:13:     minmay_concentric_multi, layout_loops_corners, gauntlet_entry_generic,
          serial_shops, shop, nicolae_figureground_sparkle
D:14:     layout_basic, hangedman_vaults_entry_quadrant_bands,
          kennysheep_generic_room_6
Temple:   nicolae_temple_elliptical
Lair:1:   layout_cave_shapes, portal_ice_cave_entry_pillars_1,
          lemuel_fruit_tree, serial_bayou_shore_b
Lair:2:   layout_regular_city, alex1729_swamp_entry_worm_eleionoma,
          ebering_ghost_rock_garden, basic_altar, nicolae_lair_lindhole,
          infiniplex_staircase_pool, serial_bayou_shore_b, uniq_fannar
Lair:3:   layout_misc_corridors, minmay_snake_entry_guardpost_medium,
          grunt_forest_large_clearing_hut, serial_bayou_shore_b,
          grunt_megastairs_2, serial_bayou_shore_a, uniq_urug
Lair:4:   layout_roguey, minmay_slime_entry_jelly_boxes, beast_lair_carwin_1,
          infiniplex_staircase_pool_2, grunt_megastairs_1, uniq_kirke
Lair:5:   minmay_lair_end_enchanted_forest, layout_cave_shapes, basic_altar
Orc:1:    layout_caves, minmay_shop_mayhem, trog_butcher_becter
Orc:2:    st_orc_pillars, layout_diamond_mine, ebering_ghost_xom,
          enter_volcano_2

Skill      XL: |  1  2  3  4  5  6  7  8  9 10 11 12 13 14 15 16 |
---------------+-------------------------------------------------+-----
Short Blades   | 3 4 6 7 8 10 | 10.4
Dodging        | 4 7 10 11 12 15 | 15.0
Spellcasting   | 3 8 10 | 10.1
Staves         | 2 7 10 12 | 12.0
Evocations     | 7 10 12 13 | 13.1
Stealth        | 3 4 |  4.0
Fighting       | 3 4 |  4.9
Armour         | 2 3 |  3.1

Action                     |  1- 3 |  4- 6 |  7- 9 | 10-12 | 13-15 | 16-18 || total
---------------------------+-------+-------+-------+-------+-------+-------++-------
  Melee: Short sword       |    89 |   155 |   306 |   246 |       |       ||   796
         Bite              |    24 |    69 |   164 |   279 |   385 |    66 ||   987
         Rapier            |       |       |    58 |    78 |       |       ||   136
         Staff             |       |       |       |   229 |   861 |   115 ||  1205
 Invoke: Call Merchant     |       |       |       |       |     4 |     1 ||     5
Ability: Evoke the Staff o |       |       |       |       |    61 |     2 ||    63
  Evoke: Wand              |       |       |       |     4 |       |       ||     4
    Use: Scroll            |       |       |    16 |     3 |     9 |     1 ||    29
         Potion            |       |       |     1 |     5 |     1 |     1 ||     8
   Stab: Distracted        |       |       |       |     2 |     6 |     1 ||     9
 Armour: Robe              |    43 |       |       |       |       |       ||    43
         Scale mail        |       |    63 |   154 |   196 |   310 |     3 ||   726
         Troll leather arm |       |       |       |       |       |    59 ||    59
  Dodge: Dodged            |    49 |    44 |   116 |   331 |   831 |   179 ||  1550
         Repelled          |       |       |       |       |     4 |     2 ||     6

Table legend: (Time is in decaauts)
 A = Elapsed time spent in this place.
 B = Non-inter-level travel time spent in this place.
 C = Inter-level travel time spent in this place.
 D = Time resting spent in this place.
 E = Time spent auto-exploring this place.
 F = Levels seen in this place.
 G = Mean time per level.
                   A        B        C        D        E       F      G
               +--------+--------+--------+--------+--------+-----+--------+
         Total |  20727 |  19009 |   1718 |   1220 |  12293 |  25 |  829.1 |
       Dungeon |  11715 |  10551 |   1164 |    115 |   7480 |  14 |  836.8 |
        Temple |      1 |      1 |      0 |      0 |      0 |   1 |    1.0 |
          Lair |   6907 |   6379 |    528 |   1012 |   3485 |   5 | 1381.4 |
  Orcish Mines |   1572 |   1547 |     25 |      0 |   1150 |   2 |  786.0 |
       Ossuary |    242 |    242 |      0 |      0 |    121 |   1 |  242.0 |
      Ice Cave |      3 |      3 |      0 |      0 |      0 |   1 |    3.0 |
       Volcano |    284 |    284 |      0 |     93 |     56 |   1 |  284.0 |
               +--------+--------+--------+--------+--------+-----+--------+

Top non-repeatable levels by time:
  Lair:5: 2074 daAuts
     D:7: 1425 daAuts
  Lair:2: 1391 daAuts
    D:13: 1280 daAuts
  Lair:4: 1224 daAuts
  Lair:1: 1156 daAuts
  Lair:3: 1061 daAuts
   Orc:2: 1048 daAuts
     D:1: 892 daAuts
     D:8: 890 daAuts
    D:11: 875 daAuts
     D:2: 871 daAuts
    D:10: 832 daAuts
     D:9: 821 daAuts
    D:12: 805 daAuts
